 Dungeon Crawl Stone Soup version 0.25.1-2-g60ff931 (webtiles) character file.

Game seed: 626152686092009217

98 Galtar the Cudgeler (level 4, 0/58 HPs)
             Began as a Minotaur Berserker on Aug 28, 2020.
             Was a Believer of Trog.
             Slain by an orc priest
             ... wielding a +2 trident of freezing
              (6 damage)
             ... on level 3 of the Dungeon.
             The game lasted 00:04:43 (2196 turns).

Galtar the Cudgeler (Minotaur Berserker)            Turns: 2196, Time: 00:04:44

Health: 0/58       AC:  3    Str: 21    XL:     4   Next: 43%
Magic:  3/3        EV: 12    Int:  4    God:    Trog [**....]
Gold:   88         SH:  0    Dex: 11    Spells: 3/3 levels left

rFire    . . .     SeeInvis .   e - +0 flail
rCold    . . .     Gourm    .   (no shield)
rNeg     . . .     Faith    .   b - +0 animal skin
rPois    .         Spirit   .   (helmet restricted)
rElec    .         Reflect  .   (no cloak)
rCorr    .         Harm     .   g - +0 pair of gloves
MR       ++...                  (no boots)
Stlth    ..........             (no amulet)
HPRegen  1.19/turn              (no ring)
MPRegen  0.08/turn              (no ring)

@: berserking, regenerating, very quick
A: retaliatory headbutt, horns 2
a: Berserk, Trog's Hand, Renounce Religion


You were on level 3 of the Dungeon.
You worshipped Trog.
Trog was pleased with you.
You were very hungry.

You visited 1 branch of the dungeon, and saw 3 of its levels.

You collected 88 gold pieces.

Inventory:

Hand Weapons
 a - a +0 mace
 e - a +0 flail (weapon)
Armour
 b - a +0 animal skin (worn)
 g - a +0 pair of gloves (worn)
Jewellery
 i - an uncursed ring of magical power
Scrolls
 h - 2 scrolls of identify {unknown}
 j - a scroll of magic mapping {unknown}
 l - a scroll of enchant armour {unknown}
 m - a scroll of teleportation {unknown}
 n - a scroll of fear {unknown}
 o - a scroll of remove curse {unknown}
 p - a scroll of fog {unknown}
Potions
 f - a potion of ambrosia {unknown}
 k - a potion of berserk rage {unknown}
Comestibles
 c - 3 rations
 d - 4 chunks of flesh


   Skills:
 - Level 3.6 Fighting
 + Level 6.4 Maces & Flails
 - Level 2.4 Armour
 - Level 2.1 Dodging


You had 3 spell levels left.
You didn't know any spells.
Your spell library was empty.

Dungeon Overview and Level Annotations

Branches:
Dungeon (3/15)

Altars:
Fedhas
Trog


Innate Abilities, Weirdness & Mutations

You reflexively headbutt those who attack you in melee.
You have a pair of horns on your head.


Message History

You feel resistant to hostile enchantments.
You feel somewhat more hungry. The orc closely misses you.
You furiously retaliate!
You headbutt the orc!
You kill the orc!
Trog accepts your kill.
The orc priest hits you from afar with a +2 trident of freezing!
* * * LOW HITPOINT WARNING * * *
The orc priest freezes you.
* * * LOW HITPOINT WARNING * * *
A red film seems to cover your vision as you go berserk!
You feel yourself moving faster!
You feel mighty!
You are feeling very hungry.
You closely miss the kobold.
The orc priest mumbles some strange prayers to Beogh against you.
Beogh smites you!
* * * LOW HITPOINT WARNING * * *
You barely miss the kobold. The orc closely misses you.
The kobold barely misses you.
The orc priest hits you from afar with a +2 trident of freezing.
You die...

#.##.###.#####.#####.##.#
#.# ###.##.###.# ##...##
#.##.###.# ...........#
#.....# #........#
.#####.#.### ##...##
####.##### .# #...#.#
##.## #.# )# #.###.# #.#
#.# .###.###.# #.# #.#
.........# ##'## ##.##
####.##### #.@o# ##...##
#.# #..K..# #.###.## #^#
#.....o.# #.# #..# #..
#.......?.##.###..# .....
.'.........'.......#
#....
###.........####...##
####.#.# ##.......##
##..# .......# ##.....##
##.# ###....# #.#


You could see an orc priest, an orc and a kobold.

Vanquished Creatures
  A gnoll (D:1)
  An adder (D:3)
  An ooze (D:1)
  2 worms (D:2)
  2 dart slugs
  A leopard gecko (D:1)
  2 orcs (D:3)
  6 giant cockroaches
  9 goblins
  3 hobgoblins
  6 jackals
  5 bats
  4 frilled lizards
  9 kobolds
  5 rats
57 creatures vanquished.

Notes
Turn   | Place    | Note
-------+----------+-------------------------------------------
     0 | D:1      | Galtar the Minotaur Berserker began the quest for the Orb.
     0 | D:1      | Reached XP level 1. HP: 19/19 MP: 0/0
    83 | D:1      | Reached skill level 4 in Maces & Flails
    90 | D:1      | Reached XP level 2. HP: 10/26 MP: 1/1
   385 | D:1      | Reached skill level 5 in Maces & Flails
   508 | D:1      | Reached XP level 3. HP: 31/31 MP: 2/2
   666 | D:1      | Reached ** piety under Trog
  1380 | D:2      | Found a bloodstained altar of Trog.
  1394 | D:2      | Found a blossoming altar of Fedhas.
  1402 | D:2      | Reached skill level 6 in Maces & Flails
  1402 | D:2      | Reached XP level 4. HP: 34/39 MP: 3/3
  2196 | D:3      | Slain by an orc priest

Illustrated notes

Levels and vault maps discovered:
D:1:      dpeg_arrival_shelter, layout_loops_ring
D:2:      layout_rooms, fedhas_altar_1, lemuel_round_altar
D:3:      layout_loops_corners

Skill      XL: |  1  2  3 |
---------------+----------+-----
Maces & Flails | 4 5 6 |  6.4
Fighting       | |  3.6
Armour         | |  2.4
Dodging        | |  2.1

Action                   |  1- 3 |  4- 6 || total
-------------------------+-------+-------++-------
Melee: Mace              |    13 |       ||    13
       Headbutt          |     9 |     2 ||    11
       Flail             |    74 |    35 ||   109
Invok: Berserk           |       |     1 ||     1
       Trog's Hand       |       |     1 ||     1
  Eat: Chunk             |     2 |     2 ||     4
Armor: Animal skin       |    19 |    11 ||    30
Dodge: Dodged            |    68 |    33 ||   101
